 Dungeon Crawl Stone Soup version 0.27-a0-1312-g5cdb2b3542 (webtiles) character file.

Game seed: 17885819035610497024

241 Lanoc the Chiller (level 5, -1/35 HPs)
             Began as a Demonspawn Ice Elementalist on June 19, 2021.
             Was a Follower of Dithmenos.
             Slain by an iguana (3 damage)
             ... on level 4 of the Dungeon.
             The game lasted 00:07:26 (4282 turns).

Lanoc the Chiller (Demonspawn Ice Elementalist)     Turns: 4282, Time: 00:07:27

Health: -1/35      AC:  2    Str:  7 (8)  XL:     5   Next: 80%
Magic:  0/8        EV: 13    Int: 14 (17) God:    Dithmenos [*.....]
Gold:   122        SH:  0    Dex: 13 (14) Spells: 4/8 levels left

rFire    . . .     SeeInvis .   g - +1 dagger (elec)
rCold    . . .     Faith    .   (no shield)
rNeg     + . .     Spirit   +   a - +0 robe
rPois    .         Reflect  .   (no helmet)
rElec    .         Harm     .   (no cloak)
rCorr    .         Rampage  .   (no gloves)
Will     .....                  (no boots)
Stlth    ++........             n - amulet of the acrobat
HPRegen  0.11/turn              e - ring of positive energy
MPRegen  0.22/turn              (no ring)

@: freezing walls, attractive, hasted, wreathed by umbra, very quick
A: magic shield, magic regeneration
a: Renounce Religion


You were on level 4 of the Dungeon.
You worshipped Dithmenos.
Dithmenos was aware of your devotion.
You visited 1 branch of the dungeon, and saw 4 of its levels.

You collected 200 gold pieces.
You spent 78 gold pieces at shops.

Inventory:

Hand Weapons
 g - a +1 dagger of electrocution (weapon)
Missiles
 r - 3 datura-tipped darts
Armour
 a - a +0 robe (worn)
Jewellery
 e - a ring of positive energy (left hand)
 i - an amulet of faith
 n - an amulet of the acrobat (around neck)
Scrolls
 b - a scroll of magic mapping {unknown}
 c - 3 scrolls of identify
 d - 3 scrolls of teleportation {unknown}
 f - a scroll of immolation {unknown}
 h - 2 scrolls of fog {unknown}
 j - 2 scrolls of enchant armour {unknown}
 k - a scroll of blinking {unknown}
 o - a scroll of noise {unknown}
 p - a scroll of acquirement {unknown}
 q - a scroll of fear {unknown}
 s - a scroll of enchant weapon


   Skills:
 + Level 3.4 Dodging
 - Level 1.7 Stealth
 - Level 2.0 Spellcasting
 * Level 5.7 Ice Magic


You had 4 spell levels left.
You knew the following spells:

 Your Spells              Type           Power      Damage    Failure   Level
a - Freeze                Ice            68%        1d8       2%          1
b - Frozen Ramparts       Ice            34%        1d5       7%          3

Your spell library contained the following spells:

 Spells                   Type           Power      Damage    Failure   Level
 Ozocubu's Armour         Ice            17%        N/A       7%          3
 Summon Small Mammal      Summ           4%         N/A       24%         1
 Call Imp                 Summ           1%         N/A       34%         2
 Call Canine Familiar     Summ           1%         N/A       56%         3
 Summon Guardian Golem    Hex/Summ       1%         N/A       56%         3
 Hailstorm                Conj/Ice       9%         3d4       58%         4
 Summon Ice Beast         Ice/Summ       9%         N/A       58%         4
 Summon Lightning Spire   Summ/Air       1%         N/A       93%         4
 Metabolic Englaciation   Hex/Ice        4%         N/A       90%         5


Dungeon Overview and Level Annotations

Branches:
Dungeon (4/15)
 Temple: D:4-7

Altars:
Dithmenos
Kikubaaqudgha

Shops:
D:3 *

Annotations:
D:4 Grinder


Innate Abilities, Weirdness & Mutations

When hurt, damage is shared between your health and your magic reserves.
You regenerate magic rapidly.


Message History

Grinder resists.
The wall freezes Grinder.
Grinder completely resists.
The wall freezes Grinder but does no damage.
Grinder gestures at you. Pain shoots through your body!
Grinder completely resists.
The wall freezes Grinder but does no damage.
You closely miss Grinder.
Grinder is lightly wounded.
Grinder completely resists.
The wall freezes Grinder but does no damage.
Grinder zaps a wand.
The puff of flame hits you!
* * * LOW HITPOINT WARNING * * *
It was a potion of attraction.
You feel attractive to monsters.
Grinder completely resists.
The wall freezes Grinder but does no damage.
Grinder blinks!
Grinder is pulled toward you!
It was a potion of degeneration.
There was something very wrong with that liquid.
You feel weakened.
You feel dopey.
You feel clumsy.
An iguana comes into view.
Grinder completely resists.
The wall freezes Grinder but does no damage.
Grinder completely misses you. The iguana is pulled toward you!
It was a potion of haste.
You feel yourself speed up.
Grinder resists.
The wall freezes Grinder.
Grinder barely misses you. The iguana is pulled toward you!
You hit Grinder.
Grinder is lightly wounded.
Grinder resists.
The wall freezes Grinder.
Grinder zaps a wand.
The puff of flame hits you!
* * * LOW HITPOINT WARNING * * *
The wall freezes the iguana.
The iguana closely misses you.
As you read the scroll labelled OTEVVUQERI, it crumbles to dust.
It is a scroll of identify.
s - a scroll of enchant weapon The wall freezes the iguana.
The iguana seems to slow down.
The iguana bites you.
You die...

#... #)....# #....
#.....#
#.....##'####
#..........#
##.........#
#####.....####
............#####
#.####..##..5....#
<........@.##.#
#....>..##.l#
......).. ##$..
#...#..## #....
#...#.# .....# ##
#....# ....# ##..#


You could see Grinder and an iguana (slow).

Vanquished Creatures
  A water moccasin skeleton (D:4)
  A howler monkey (D:4)
  A hound (D:4)
  2 adders
  An ufetubus (D:3)
  2 dart slugs
  An orc (D:4)
  6 bats
  8 endoplasms
  5 giant cockroaches
  9 goblins
  7 hobgoblins
  13 jackals
  3 quokkas
  5 ball pythons
  5 frilled lizards
  7 kobolds
  3 rats (D:1)
80 creatures vanquished.

Notes
Turn   | Place    | Note
-------+----------+-------------------------------------------
     0 | D:1      | Lanoc the Demonspawn Ice Elementalist began the quest for
                  | the Orb.
     0 | D:1      | Reached XP level 1. HP: 13/13 MP: 3/3
   406 | D:1      | Gained mutation: You regenerate magic rapidly. [demonic
                  | ancestry]
   406 | D:1      | Reached XP level 2. HP: 16/19 MP: 0/5
   445 | D:1      | Reached skill level 4 in Ice Magic
  1113 | D:1      | Gained mutation: When hurt, damage is shared between your
                  | health and your magic reserves. [demonic ancestry]
  1113 | D:1      | Reached XP level 3. HP: 24/24 MP: 4/6
  1526 | D:1      | Learned a level 3 spell: Frozen Ramparts
  2191 | D:2      | Reached XP level 4. HP: 29/30 MP: 4/7
  2612 | D:3      | Found an ancient bone altar of Kikubaaqudgha.
  3181 | D:3      | Found a faded altar of an unknown god.
  3288 | D:3      | Became a worshipper of Dithmenos the Shadowed
  3288 | D:3      | Reached * piety under Dithmenos
  3339 | D:3      | Found Siqeyzxa's Assorted Antiques.
  3352 | D:3      | Bought a scroll labelled CEPPUCKOEP for 26 gold pieces
  3352 | D:3      | Bought a scroll labelled COCWINW FARIO for 26 gold pieces
  3352 | D:3      | Bought a scroll labelled OTEVVUQERI for 26 gold pieces
  3659 | D:4      | Noticed a phantom
  3841 | D:4      | Reached skill level 5 in Ice Magic
  3841 | D:4      | Reached XP level 5. HP: 28/35 MP: 0/8
  4259 | D:4      | Noticed Grinder
  4272 | D:4      | Paralysed by Grinder for 2 turns
  4282 | D:4      | Slain by an iguana

Illustrated notes

Levels and vault maps discovered:
D:1:      nagdon_arrival_zigzag_paths, layout_basic,
          wander_ebering_terrifying_dragon_lair
D:2:      layout_rooms
D:3:      layout_loops_ring, kiku_gazebo_garden_becter,
          dilly_ecumenical_altar_fadedgnrine, serial_shops,
          nicolae_shop_overgrown_old_shop
D:4:      layout_basic, minmay_pentomino_pile, uniq_grinder

Skill      XL: |  1  2  3  4 |
---------------+-------------+-----
Dodging        | 2 3 |  3.4
Ice Magic      | 4 5 |  5.7
Stealth        | |  1.7
Spellcasting   | |  2.0

Action                   |  1- 3 |  4- 6 || total
-------------------------+-------+-------++-------
Melee: Unarmed           |    20 |    39 ||    59
       Dagger            |       |     6 ||     6
 Cast: Freeze            |    72 |    53 ||   125
       Frozen Ramparts   |     1 |    10 ||    11
  Use: Potion            |       |     5 ||     5
       Scroll            |       |     1 ||     1
Armor: Robe              |    13 |     9 ||    22
Dodge: Dodged            |    66 |    85 ||   151

Table legend: (Time is in decaauts)
 A = Elapsed time spent in this place.
 B = Non-inter-level travel time spent in this place.
 C = Inter-level travel time spent in this place.
 D = Time resting spent in this place.
 E = Time spent auto-exploring this place.
 F = Levels seen in this place.
 G = Mean time per level.
                   A        B        C        D        E       F      G
               +--------+--------+--------+--------+--------+-----+--------+
         Total |   4291 |   4172 |    119 |    139 |   3406 |   4 | 1072.8 |
       Dungeon |   4291 |   4172 |    119 |    139 |   3406 |   4 | 1072.8 |
               +--------+--------+--------+--------+--------+-----+--------+

Top non-repeatable levels by time:
     D:1: 1687 daAuts
     D:3: 1431 daAuts
     D:2: 671 daAuts
     D:4: 499 daAuts
